 Dungeon Crawl Stone Soup version 0.31-a0-851-g7ff8af7976 (webtiles) character file.

Game seed: 490732743785315173

21 BinkBink the Shooter (level 2, -2/15 HPs)
             Began as a Spriggan Hunter on Oct 6, 2023.
             Slain by a hobgoblin (7 damage)
             ... led by Robin
             ... on level 1 of the Dungeon.
             The game lasted 00:00:49 (711 turns).

BinkBink the Shooter (Spriggan Hunter)               Turns: 711, Time: 00:00:49

Health: -2/15      AC:  2    Str:  7    XL:     2   Next: 62%
Magic:  3/3        EV: 17    Int: 10    God:
Gold:   38         SH:  0    Dex: 18    Spells: 1/1 levels left

rFire   . . .        a - +0 shortbow
rCold   . . .        (shield currently unavailable)
rNeg    . . .        c - +0 robe
rPois   .            (helmet restricted)
rElec   .            (no cloak)
rCorr   .            (gloves unavailable)
SInv    +            (boots unavailable)
Will    .....        (no amulet)
Stlth   ++           (no ring)
HPRegen 0.22/turn    (no ring)
MPRegen 0.08/turn

%: no passive effects
@: very quick
A: very small, no large weapons, unfitting armour, see invisible, speed 3
a: no special abilities


You were on level 1 of the Dungeon.
You visited 1 branch of the dungeon, and saw 2 of its levels.

You collected 38 gold pieces.

Inventory:

Hand Weapons
 a - a +0 shortbow (weapon)
 d - a +3 dagger
Armour
 c - a +0 robe (worn)
Scrolls
 b - a scroll of butterflies
 f - 3 scrolls of identify {unknown}
 g - a scroll of vulnerability {unknown}
 h - 2 scrolls of fog {unknown}
Potions
 e - a potion of invisibility {unknown}
 i - a potion of curing {unknown}
 j - a potion of ambrosia {unknown}


   Skills:
 + Level 2.2 Fighting
 + Level 4.4 Ranged Weapons
 - Level 2.6 Dodging
 - Level 1.5 Stealth


You had one spell level left.
You didn't know any spells.
Your spell library was empty.

Dungeon Overview and Level Annotations

Branches:
Dungeon (2/15)

Altars:

Shops:
D:2 :

Annotations:
D:2 Robin


Innate Abilities, Weirdness & Mutations

You are very small and have problems with some larger weapons.
You are too small for most types of armour.
You have supernaturally acute eyesight. (SInv)
You cover ground extremely quickly. (Speed+++)


Message History

The goblin is heavily wounded.
You hear a shout!
The goblin hits you with a +0 club.
Robin says, "Duck!"
Robin throws the goblin at you! The goblin closely misses you.
The goblin completely misses you.
You climb upwards.
There is a stone staircase leading down here.
You shoot an arrow. The arrow closely misses the goblin.
The goblin barely misses you. x2
You shoot an arrow. The arrow hits the goblin!
You kill the goblin!
No target in view!
HP restored.
Done exploring.
You climb downwards.
Level annotation: Robin The goblin barely misses you.
A goblin comes into view. It is wielding a +0 club.
Robin roars a battlecry!
The goblins go into a battle-frenzy!
The goblin hits you with a +0 club.
You hear a shout!
There is a stone staircase leading up here.
The goblin closely misses you. The hobgoblin completely misses you.
You climb upwards.
There is a stone staircase leading down here.
You shoot an arrow. The arrow closely misses the hobgoblin.
The goblin closely misses you. The hobgoblin completely misses you.
You shoot an arrow.
The arrow hits the hobgoblin but does no damage.
The goblin misses you. The hobgoblin hits you.
You shoot an arrow. The arrow closely misses the hobgoblin.
The goblin misses you. The hobgoblin hits you. The goblin closely misses you.
The hobgoblin misses you.
You are too injured to fight recklessly!
You are too injured to fight recklessly!
The hobgoblin attacks as it pursues you!
The hobgoblin hits you!
You die...

#..###
#####.#.#######.##.#.#
##...# #.#.#..#....##.#.#
###.## #.#....#.#####.#.#
#..########.#....#.# #.#.#
##.................#####.#.#
#######.........##......#.#
##.#.)g...##......#.#
#.###g#...+........# #.#
#@#.###......### #.#
#.#..........# #.#
#.#####.รท...## #.# #.#
####### #.# #.# #.# #.# #.#
#.# #.# #.# #.###.#


You could see a hobgoblin (strong) and a goblin (strong).

Vanquished Creatures
  An endoplasm (D:1)
  A giant cockroach (D:1)
  4 hobgoblins
  A kobold (D:1)
  3 ball pythons (D:1)
  2 bats (D:1)
  4 frilled lizards (D:1)
  3 goblins
  A rat (D:1)
20 creatures vanquished.

Notes
Turn   | Place    | Note
-------+----------+-------------------------------------------
     0 | D:1      | BinkBink the Spriggan Hunter began the quest for the Orb.
     0 | D:1      | Reached XP level 1. HP: 10/10 MP: 2/2
   196 | D:1      | Reached XP level 2. HP: 15/15 MP: 3/3
   670 | D:2      | Found Wuteppux's Book Emporium.
   674 | D:2      | Noticed Robin
   711 | D:1      | Slain by a hobgoblin

Illustrated notes

Levels and vault maps discovered:
D:1:      mrwooster_arrival_statue, layout_basic
D:2:      layout_loops_ring, serial_shops, nicolae_shop_getting_attention,
          nicolae_shop_just_a_little_nook, nicolae_shop_bloodbath_and_beyond,
          nicolae_shop_peninsula, uniq_robin

Skill      XL: |  1  2 |
---------------+-------+-----
Fighting       | 2 |  2.2
Ranged Weapons | |  4.4
Dodging        | |  2.6
Stealth        | |  1.5

Action                     || total
---------------------------++-------
   Fire: Shortbow          ||    55
 Armour: Robe              ||     8
  Dodge: Dodged            ||    22

Table legend: (Time is in decaauts)
 A = Elapsed time spent in this place.
 B = Non-inter-level travel time spent in this place.
 C = Inter-level travel time spent in this place.
 D = Time resting spent in this place.
 E = Time spent auto-exploring this place.
 F = Levels seen in this place.
 G = Mean time per level.
                   A        B        C        D        E       F      G
               +--------+--------+--------+--------+--------+-----+--------+
         Total |    481 |    460 |     21 |      0 |    364 |   2 |  240.5 |
       Dungeon |    481 |    460 |     21 |      0 |    364 |   2 |  240.5 |
               +--------+--------+--------+--------+--------+-----+--------+

Top non-repeatable levels by time:
     D:1: 470 daAuts
     D:2: 10 daAuts
